 Dungeon Crawl Stone Soup version 0.23.2 (webtiles) character file.

Game seed: 12316185032876558658

100 Marnok the Shield-Bearer (level 4, -4/41 HPs)
             Began as a Gnoll Fighter on Apr 9, 2019.
             Killed by divine providence
             ... invoked by an orc priest
              (17 damage)
             ... on level 3 of the Dungeon.
             The game lasted 00:04:30 (2118 turns).

Marnok the Shield-Bearer (Gnoll Fighter)            Turns: 2118, Time: 00:04:31

Health: -4/41      AC: 10    Str: 25    XL:     4   Next: 73%
Magic:  5/5        EV:  9    Int: 10    God:
Gold:   165        SH: 11    Dex: 14    Spells: 5/5 levels left

rFire    . . .     SeeInvis .   a - +0 long sword
rCold    . . .     Gourm    .   c - +0 shield
rNeg     . . .     Faith    .   b - +0 scale mail
rPois    .         Spirit   .   p - +0 helmet
rElec    .         Reflect  .   o - +0 cloak (curse)
rCorr    .         Harm     .   (no gloves)
MR       .....                  (no boots)
Stlth    ..........             (no amulet)
HPRegen  0.13/turn              (no ring)
MPRegen  0.09/turn              (no ring)

@: mighty, slowed, very slow
A: distributed training, fangs 1, strong nose
a: no special abilities


You were on level 3 of the Dungeon.
You were not hungry.

You visited 1 branch of the dungeon, and saw 3 of its levels.

You collected 165 gold pieces.

Inventory:

Hand Weapons
 a - a +0 long sword (weapon)
Missiles
 g - 5 tomahawks of dispersal (quivered)
Armour
 b - a +0 scale mail (worn)
 c - a +0 shield (worn)
 o - a cursed +0 cloak (worn)
 p - a +0 helmet (worn)
Scrolls
 i - a scroll of enchant weapon {unknown}
 j - 4 scrolls of identify {unknown}
 l - a scroll of magic mapping {unknown}
 n - 2 scrolls of amnesia {unknown}
 q - a scroll of teleportation {unknown}
Potions
 e - 2 potions of flight {unknown}
 h - 2 potions of ambrosia {unknown}
 k - a potion of lignification {unknown}
 m - a potion of brilliance {unknown}
 r - 2 potions of cancellation {unknown}
 s - a potion of mutation {unknown}
Comestibles
 f - 4 rations


   Skills:
 + Level 6.6 Fighting
 + Level 1.2 Short Blades
 + Level 4.6 Long Blades
 + Level 1.2 Axes
 + Level 1.2 Maces & Flails
 + Level 1.2 Polearms
 + Level 1.2 Staves
 + Level 1.2 Slings
 + Level 1.2 Bows
 + Level 1.2 Crossbows
 + Level 1.2 Throwing
 + Level 6.6 Armour
 + Level 1.2 Dodging
 + Level 1.2 Stealth
 + Level 6.6 Shields
 + Level 1.2 Unarmed Combat
 + Level 1.2 Spellcasting
 + Level 1.0 Conjurations
 + Level 1.0 Hexes
 + Level 1.0 Charms
 + Level 1.0 Summonings
 + Level 1.0 Necromancy
 + Level 1.0 Translocations
 + Level 1.0 Transmutations
 + Level 1.0 Fire Magic
 + Level 1.0 Ice Magic
 + Level 1.0 Air Magic
 + Level 1.0 Earth Magic
 + Level 1.0 Poison Magic
 + Level 1.3 Invocations
 + Level 1.2 Evocations


You had 5 spell levels left.
You didn't know any spells.
Your spell library was empty.

Dungeon Overview and Level Annotations

Branches:
Dungeon (3/15)

Altars:
Xom
Zin
Beogh


Innate Abilities, Weirdness & Mutations

Your experience applies equally to all skills.
You have very sharp teeth.
Your uncanny sense of smell can sniff out nearby items.


Message History

The orc wizard is severely wounded.
The orc wizard hits you but does no damage.
The orc wizard casts a spell at you.
You feel yourself slow down.
You feel very mighty all of a sudden. You block the orc wizard's attack.
The orc priest completely misses you.
The orc wizard hits you but does no damage.
You closely miss the orc wizard.
The orc wizard is severely wounded.
You block the orc wizard's attack. The orc priest closely misses you.
The orc wizard hits you but does no damage.
The orc priest calls down the wrath of Beogh upon you.
Beogh smites you! You block the orc priest's attack.
The orc wizard gestures at you while chanting.
The magic dart hits you. You block the orc's attack.
All of the chunks of flesh in your inventory have rotted away.
The orc wizard hits you but does no damage.
The orc priest mumbles some strange prayers to Beogh against you.
Beogh smites you!
You die...

..... ∆ ..... ### .....
##### ∆_$## .....
######...#∆ o8$# .....
#........#∆∆o$.# .....
#.####...# .8.# .....
###.# #...## ..## . ...###
#...# #...@##'##.... ....∆
###.# #...ooo......#
#..### #.####....o.......#
#.....
#.#.##............###.....
###.........####........##
#.############..........
#.# #......#......#... #.#
#...............##
#.#####......##.###.#[##


You could see 2 orc priests, an orc wizard and an orc.

Vanquished Creatures
  2 adders (D:2)
  An ooze (D:2)
  3 dart slugs
  3 leopard geckos
  2 ball pythons
  5 giant cockroaches
  8 goblins
  7 hobgoblins
  7 jackals
  7 bats
  6 frilled lizards
  10 kobolds
  2 rats (D:1)
63 creatures vanquished.

Notes
Turn   | Place    | Note
-------+----------+-------------------------------------------
     0 | D:1      | Marnok the Gnoll Fighter began the quest for the Orb.
     0 | D:1      | Reached XP level 1. HP: 23/23 MP: 1/1
   149 | D:1      | Reached XP level 2. HP: 27/29 MP: 2/2
   399 | D:1      | Reached XP level 3. HP: 35/35 MP: 3/3
   772 | D:2      | Reached skill level 1 in Invocations
   882 | D:2      | Reached skill level 1 in Short Blades
   882 | D:2      | Reached skill level 1 in Axes
   882 | D:2      | Reached skill level 1 in Maces & Flails
   882 | D:2      | Reached skill level 1 in Polearms
   882 | D:2      | Reached skill level 1 in Staves
   882 | D:2      | Reached skill level 1 in Slings
   882 | D:2      | Reached skill level 1 in Bows
   882 | D:2      | Reached skill level 1 in Crossbows
   882 | D:2      | Reached skill level 1 in Throwing
   882 | D:2      | Reached skill level 1 in Dodging
   882 | D:2      | Reached skill level 1 in Stealth
   882 | D:2      | Reached skill level 1 in Unarmed Combat
   882 | D:2      | Reached skill level 1 in Spellcasting
   882 | D:2      | Reached skill level 1 in Evocations
   882 | D:2      | Reached XP level 4. HP: 36/41 MP: 5/5
  1500 | D:3      | Found a shimmering altar of Xom.
  1500 | D:3      | Noticed an angel
  1501 | D:3      | Found a glowing silver altar of Zin.
  1767 | D:3      | Reached skill level 1 in Conjurations
  1767 | D:3      | Reached skill level 1 in Hexes
  1767 | D:3      | Reached skill level 1 in Charms
  1767 | D:3      | Reached skill level 1 in Summonings
  1767 | D:3      | Reached skill level 1 in Necromancy
  1767 | D:3      | Reached skill level 1 in Translocations
  1767 | D:3      | Reached skill level 1 in Transmutations
  1767 | D:3      | Reached skill level 1 in Fire Magic
  1767 | D:3      | Reached skill level 1 in Ice Magic
  1767 | D:3      | Reached skill level 1 in Air Magic
  1767 | D:3      | Reached skill level 1 in Earth Magic
  1767 | D:3      | Reached skill level 1 in Poison Magic
  2110 | D:3      | Found a roughly hewn altar of Beogh.
  2118 | D:3      | Killed from afar by an orc priest

Skill      XL: |  1  2  3  4 |
---------------+-------------+-----
Invocations    | 1 |  1.3
Short Blades   | 1 |  1.2
Axes           | 1 |  1.2
Maces & Flails | 1 |  1.2
Polearms       | 1 |  1.2
Staves         | 1 |  1.2
Slings         | 1 |  1.2
Bows           | 1 |  1.2
Crossbows      | 1 |  1.2
Throwing       | 1 |  1.2
Dodging        | 1 |  1.2
Stealth        | 1 |  1.2
Unarmed Combat | 1 |  1.2
Spellcasting   | 1 |  1.2
Evocations     | 1 |  1.2
Conjurations   | 1 |  1.0
Hexes          | 1 |  1.0
Charms         | 1 |  1.0
Summonings     | 1 |  1.0
Necromancy     | 1 |  1.0
Translocations | 1 |  1.0
Transmutations | 1 |  1.0
Fire Magic     | 1 |  1.0
Ice Magic      | 1 |  1.0
Air Magic      | 1 |  1.0
Earth Magic    | 1 |  1.0
Poison Magic   | 1 |  1.0
Fighting       | |  6.6
Long Blades    | |  4.6
Armour         | |  6.6
Shields        | |  6.6

Action                   |  1- 3 |  4- 6 || total
-------------------------+-------+-------++-------
Melee: Long sword        |    92 |    74 ||   166
       Bite              |    10 |     8 ||    18
  Use: Potion            |       |     1 ||     1
  Eat: Chunk             |       |     4 ||     4
Armor: Scale mail        |    56 |    38 ||    94
Dodge: Dodged            |    37 |    21 ||    58
Block: Shield            |    70 |    55 ||   125
       Rpst.: Long sword |    17 |     5 ||    22
